 Dungeon Crawl Stone Soup version 0.31.0-11-ge490571c62 (webtiles) character file.

Game seed: 9100473794993132620

192 qw the Skirmisher (level 5, -2/29 HPs)
             Began as a Deep Elf Hunter on Feb 3, 2024.
             Slain by an orc warrior
             ... wielding a +0 hand axe
              (11 damage)
             ... on level 6 of the Dungeon.
             The game lasted 00:00:08 (1653 turns).

qw the Skirmisher (Deep Elf Hunter)                 Turns: 1653, Time: 00:00:08

Health: -2/29      AC:  5    Str: 10    XL:     5   Next: 42%
Magic:  7/7        EV: 11    Int: 14    God:
Gold:   151        SH:  0    Dex: 18    Spells: 4/4 levels left

rFire   + . .        a - +0 shortbow
rCold   . . .        (shield currently unavailable)
rNeg    . . .        f - +0 ring mail
rPois   .            (no helmet)
rElec   .            (no cloak)
rCorr   .            (no gloves)
SInv    +            (no boots)
Will    .....        (no amulet)
Stlth   +            c - ring of protection from fire
HPRegen 0.24/turn    g - ring of see invisible
MPRegen 0.10/turn

%: no passive effects
@: no status effects
A: no striking features
a: no special abilities


You were on level 6 of the Dungeon.
You visited 1 branch of the dungeon, and saw 4 of its levels.

You collected 151 gold pieces.


   Skills:
 + Level 1.5 Fighting
 - Level 9.0 Ranged Weapons
 - Level 2.4 Dodging
 - Level 1.2 Stealth


You had 4 spell levels left.
You didn't know any spells.
Your spell library was empty.

Inventory:

Hand Weapons
 a - a +0 shortbow (weapon)
Armour
 f - a +0 ring mail (worn)
Jewellery
 b - a ring of magical power
 c - a ring of protection from fire (left hand)
 g - a ring of see invisible (right hand)
Scrolls
 e - 2 scrolls of teleportation
Potions
 d - a potion of cancellation {unknown}

Dungeon Overview and Level Annotations

Branches:
Dungeon (3/15)

Altars:
Hepliaklqana
Vehumet
The Shining One


Message History

The ufetubus slips past you!
The ufetubus hits you but does no damage.
The ufetubus barely misses you. x2; The ufetubus closely misses you.
You shoot an arrow.
The arrow completely misses the ufetubus.
The ufetubus barely misses you. The ufetubus hits you.
You shoot an arrow. The arrow barely misses the ufetubus.
The ufetubus barely misses you. The ufetubus closely misses you.
The ufetubus hits you. The ufetubus barely misses you.
You shoot an arrow. The arrow barely misses the ufetubus.
The ufetubus closely misses you. The ufetubus hits you.
You shoot an arrow. The arrow hits the ufetubus.
The ufetubus is almost dead.
The ufetubus closely misses you.
The ufetubus hits you but does no damage.
The ufetubus barely misses you. The ufetubus closely misses you.
You shoot an arrow. The arrow hits the ufetubus.
You kill the ufetubus!
Your Ranged Weapons skill increases to level 9!
You start resting.
An orc warrior is nearby!
You shoot an arrow. The orc warrior shouts!
The arrow hits the orc warrior!
The orc warrior is moderately wounded.
You hear a shout! x2
You shoot an arrow.
The arrow hits the orc warrior but does no damage.
The orc warrior is moderately wounded.
You shoot an arrow. The arrow hits the orc warrior.
The orc warrior is moderately wounded.
The orc warrior hits you with a +0 hand axe.
You shoot an arrow. The arrow hits the orc warrior!
The orc warrior is severely wounded.
The orc warrior hits you with a +0 hand axe.
You shoot an arrow.
The arrow hits the orc warrior but does no damage.
The orc warrior is severely wounded.
The orc warrior hits you with a +0 hand axe!
You die...

#### ####
##..#########..#
#..#.........#.##
#.##.~~~~~~~.#..#
#.##~..~~~..~##.#
#@##~.~...~.~##.#
.#######o##~.~._.~.~##.##
........).#~.~...~.~##...
..........#~..~~~..~#....
..#.......#.~~~~~~~.#####
..o.#####.# ...##### ...
.. #..... ## .#. ######
.#.. #


You could see an orc warrior.

Vanquished Creatures
  2 iguanas
  8 adders
  2 ufetubi (D:6)
  2 dart slugs (D:1)
  A ribbon worm (D:3)
  An orc (D:6)
  5 ball pythons
  3 endoplasms
  A giant cockroach (D:1)
  6 goblins
  3 hobgoblins (D:1)
  3 quokkas
  4 bats
  2 frilled lizards
  4 kobolds
  11 rats
58 creatures vanquished.

Notes
Turn   | Place    | Note
-------+----------+-------------------------------------------
     0 | D:1      | qw the Deep Elf Hunter began the quest for the Orb.
     0 | D:1      | Reached XP level 1. HP: 12/12 MP: 3/3
     0 | D:1      | 0 ||| qw: Version: 0.3-a-157-g843a77d
     0 | D:1      | 0 ||| qw: Game counter: 3979
     0 | D:1      | 0 ||| qw: Melee chars always use a shield: true
     0 | D:1      | 0 ||| qw: God list: Okawaru
     0 | D:1      | 0 ||| qw: Allow faded altars: false
     0 | D:1      | 0 ||| qw: Do Orc after clearing Dungeon:15 true
     0 | D:1      | 0 ||| qw: Do second Lair branch before Depths: true
     0 | D:1      | 0 ||| qw: Lair rune preference: random
     0 | D:1      | 0 ||| qw: Goals: Normal
     0 | D:1      | 0 ||| PLANNING D:1-11
   171 | D:1      | Reached skill level 6 in Ranged Weapons
   171 | D:1      | Reached XP level 2. HP: 16/16 MP: 4/4
   475 | D:1      | 475 ||| UPGRADING to +0 ring mail.
   485 | D:1      | 485 ||| DROPPING +0 leather armour.
   486 | D:1      | 486 ||| READING scroll labelled URHOZE ECKU.
   487 | D:1      | 487 ||| READING 2 scrolls labelled REUREUDONA.
   488 | D:1      | 488 ||| READING scroll labelled LUWNOILEYL.
   491 | D:1      | 491 ||| DROPPING scroll of butterflies.
   492 | D:1      | 492 ||| DROPPING scroll of blinking.
   545 | D:2      | Reached XP level 3. HP: 20/20 MP: 5/5
   593 | D:2      | Reached skill level 7 in Ranged Weapons
   716 | D:2      | Reached XP level 4. HP: 25/25 MP: 6/6
   985 | D:2      | 985 ||| UPGRADING to ring of protection from fire.
   986 | D:2      | 986 ||| UPGRADING to ring of see invisible.
   987 | D:2      | 987 ||| READING scroll labelled PYUMEI EDOME.
   987 | D:2      | 987 ||| IDENTIFYING lumpy cyan potion
   988 | D:2      | 988 ||| READING scroll labelled EPSOUC AMYN.
   989 | D:2      | 989 ||| DROPPING potion of degeneration.
  1052 | D:3      | Found a radiant altar of Vehumet.
  1053 | D:3      | Found a hazy altar of Hepliaklqana.
  1126 | D:3      | Reached skill level 8 in Ranged Weapons
  1487 | D:3      | Reached XP level 5. HP: 16/29 MP: 7/7
  1579 | D:3      | You fall into a shaft and drop 3 floors!
  1601 | D:6      | Found a glowing golden altar of the Shining One.
  1629 | D:6      | Noticed an orc warrior
  1630 | D:6      | 1630 ||| RETREEEEATING.
  1631 | D:6      | 1631 ||| RETREEEEATING.
  1644 | D:6      | Reached skill level 9 in Ranged Weapons
  1653 | D:6      | Slain by an orc warrior

Levels and vault maps discovered:
D:1:      minmay_arrival_five_plusses, layout_basic
D:2:      layout_rooms
D:3:      layout_basic, chequers_temple_overflow_statue_of_worship,
          minmay_ogre_servants
D:6:      layout_basic, mainiacjoe_overflow_paths, marbit_many_paths,
          minmay_misc_feat_encased

Skill      XL: |  1  2  3  4  5 |
---------------+----------------+-----
Ranged Weapons | 6 7 8 9 |  9.0
Fighting       | |  1.5
Dodging        | |  2.4
Stealth        | |  1.2

Action                     |  1- 3 |  4- 6 || total
---------------------------+-------+-------++-------
   Fire: Shortbow          |    76 |    91 ||   167
    Use: Scroll            |     3 |     2 ||     5
 Armour: Leather armour    |     1 |       ||     1
         Ring mail         |     3 |    42 ||    45
  Dodge: Dodged            |     7 |    37 ||    44

Table legend:
 A = Non-vault XP
 B = Vault XP
 C = Vault XP percentage of total XP
 D = Non-vault monster count
 E = Vault monster count
 F = Vault count percentage of total count
                 A         B        C        D         E       F
            +---------+---------+-------+---------+---------+-------
      Total |     275 |       0 |   0.0 |      58 |       0 |   0.0
            +---------+---------+-------+---------+---------+-------
        D:1 |      34 |       0 |   0.0 |      19 |       0 |   0.0
        D:2 |      92 |       0 |   0.0 |      22 |       0 |   0.0
        D:3 |      91 |       0 |   0.0 |      13 |       0 |   0.0
        D:6 |      58 |       0 |   0.0 |       4 |       0 |   0.0
            +---------+---------+-------+---------+---------+-------
